 Dungeon Crawl Stone Soup version 0.26-b1-32-g5d43845318 (webtiles) character file.

Game seed: 18297723776443631698

812 Borgoz the Skirmisher (level 7, -5/61 HPs)
             Began as a Ghoul Gladiator on Jan 13, 2021.
             Was an Initiate of Okawaru.
             Slain by Edmund
             ... wielding a +1 vorpal dire flail
              (6 damage)
             ... on level 4 of the Dungeon.
             The game lasted 00:04:46 (4342 turns).

Borgoz the Skirmisher (Ghoul Gladiator)             Turns: 4342, Time: 00:04:47

Health: -5/61      AC:  9    Str: 19    XL:     7   Next: 93%
Magic:  6/6        EV: 12    Int:  3    God:    Okawaru [......]
Gold:   218        SH:  0    Dex: 11    Spells: 6/6 levels left

rFire    . . .     SeeInvis .   s - +0 flail (vorpal)
rCold    + + .     Faith    .   (no shield)
rNeg     + + +     Spirit   .   n - +3 ring mail
rPois    ∞         Reflect  .   c - +0 helmet
rElec    .         Harm     .   (no cloak)
rCorr    .         Rampage  .   (no gloves)
Will     .....                  (no boots)
Stlth    ++........             (no amulet)
HPRegen  0.00/turn              m - ring of stealth
MPRegen  0.10/turn              r - ring of protection from cold

@: no status effects
A: claws 1, cold resistance 1, negative energy resistance 3, inhibited
regeneration, torment resistance, unbreathing
a: Renounce Religion


You were on level 4 of the Dungeon.
You worshipped Okawaru.
Okawaru was noncommittal.
You visited 2 branches of the dungeon, and saw 6 of its levels.

You collected 218 gold pieces.

Inventory:

Hand Weapons
 s - a +0 vorpal flail (weapon)
Missiles
 d - a throwing net (quivered)
Armour
 c - a +0 helmet (worn)
 n - a +3 ring mail (worn)
Jewellery
 m - a ring of stealth (left claw)
 r - a ring of protection from cold (right claw)
Wands
 h - a wand of acid (5)
Scrolls
 a - 5 scrolls of teleportation {unknown}
 f - 6 scrolls of remove curse
 i - a scroll of fog
 k - a scroll of blinking
 l - a scroll of amnesia {unknown}
 o - a scroll of magic mapping
 q - a scroll of fear {unknown}
Potions
 e - a potion of invisibility
 j - a potion of haste
 p - a potion of might


   Skills:
 * Level 5.0 Fighting
 * Level 4.6 Maces & Flails
 - Level 1.7 Throwing
 * Level 3.6 Armour
 * Level 4.6 Dodging
 + Level 1.2 Invocations


You had 6 spell levels left.
You didn't know any spells.
Your spell library was empty.

Dungeon Overview and Level Annotations

Branches:
Dungeon (5/15)             Temple (1/1) D:4

Altars:
Ashenzari
Cheibriados
Elyvilon
Fedhas
Gozag
Kikubaaqudgha
Nemelex Xobeh
Okawaru
Qazlal
Sif Muna
Trog
Wu Jian
Xom
Yredelemnul
Zin
The Shining One

Annotations:
D:4 Edmund


Innate Abilities, Weirdness & Mutations

You thrive by killing the living.
You are immune to poison.
You have sharp fingernails.
Your flesh is cold resistant. (rC+)
You are immune to negative energy. (rN+++)
You do not regenerate when monsters are visible.
You are immune to unholy pain and torment.
You can survive without breathing.


Message History

The hound barely misses you. The ufetubus closely misses you.
The ufetubus barely misses you.
Edmund hits you with a +1 vorpal dire flail.
* * * LOW HITPOINT WARNING * * *
x2 The hound bites you.
* * * LOW HITPOINT WARNING * * *
Something barely misses you.
Throw: 2 throwing nets
Press: ? - help, Q - select action, (/) - cycle Shift-Dir - straight line, f/p - Edmund
Aim: Edmund, wielding a +1 vorpal dire flail and wearing a +2 chain mail of fire resistance (moderately wounded)
You throw a throwing net. The throwing net closely misses Edmund.
The ufetubus hits you but does no damage.
The ufetubus misses you. The hound bites you.
* * * LOW HITPOINT WARNING * * *
Edmund hits you but does no damage. The ufetubus misses you.
The ufetubus hits you but does no damage.
The hound bites you but does no damage.
Edmund hits you with a +1 vorpal dire flail.
You die...

##.##.##.### #.#......#.#.......
...#)()#...## #...#.......##.....
.####)####..# ###.#.##.....#.####
##.#...#.##.# #.#.......#####..
#..'...'..#.# #....#...........
##.#...#.##.#####÷[..#.#.########
.####'####.....†)#.#.....#.......
...#...#...#.#.5.'.#.....##.._..#
##.##.##.###.#[@@#####...........
#..###..# #.#.h..........P......
##.....## #...(##..........###..
####### #######...........#..P
#..........P......
#.........#P...P..
#.........#.....##
#.........##.#.#.#
#.........##.#.#..


You could see Edmund, a hound and an ufetubus.

Vanquished Creatures
  Grinder (D:3)
  Sigmund (D:3)
  An ogre (D:4)
  A howler monkey (D:4)
  An orc priest (D:4)
  2 orc wizards (D:4)
  2 hounds (D:4)
  An iguana (D:4)
  5 adders
  An ooze (D:2)
  An adder skeleton (D:4)
  3 dart slugs
  3 leopard geckos
  6 orcs
  2 giant cockroaches (D:2)
  14 goblins
  11 hobgoblins
  13 jackals
  5 kobolds
  2 quokkas
  A ball python (D:1)
  11 bats
  A frilled lizard (D:1)
  A leopard gecko skeleton (D:4)
  A quokka skeleton (D:4)
  6 rats
97 creatures vanquished.

Vanquished Creatures (others)
  A withered plant (D:5)
1 creature vanquished.

Grand Total: 98 creatures vanquished

Notes
Turn   | Place    | Note
-------+----------+-------------------------------------------
     0 | D:1      | Borgoz the Ghoul Gladiator began the quest for the Orb.
     0 | D:1      | Reached XP level 1. HP: 17/17 MP: 0/0
   230 | D:1      | Reached XP level 2. HP: 25/25 MP: 1/1
   579 | D:1      | Reached XP level 3. HP: 30/30 MP: 2/2
   617 | D:1      | Reached skill level 1 in Armour
   975 | D:2      | Reached skill level 3 in Fighting
   975 | D:2      | Reached XP level 4. HP: 30/38 MP: 3/3
  2208 | D:3      | Noticed Sigmund
  2231 | D:3      | Killed Sigmund
  2232 | D:3      | Reached XP level 5. HP: 11/46 MP: 4/4
  2232 | D:3      | Reached XP level 6. HP: 13/52 MP: 5/5
  2592 | D:3      | Reached skill level 4 in Fighting
  2615 | D:3      | Noticed Grinder
  2623 | D:3      | Paralysed by Grinder for 3 turns
  2630 | D:3      | Paralysed by Grinder for 5 turns
  2638 | D:3      | Killed Grinder
  2639 | D:3      | Reached XP level 7. HP: 43/60 MP: 6/6
  2968 | D:4      | Found a bloodstained altar of Trog.
  3105 | D:4      | Found a staircase to the Ecumenical Temple.
  3148 | Temple   | Entered the Ecumenical Temple
  3342 | Temple   | Became a worshipper of Warmaster Okawaru
  3570 | D:4      | Found an ancient bone altar of Kikubaaqudgha.
  3706 | D:4      | Found a basalt altar of Yredelemnul.
  3801 | D:4      | Found a stormy altar of Qazlal.
  3801 | D:4      | Found a glowing silver altar of Zin.
  3802 | D:4      | Found an ornate altar of the Wu Jian Council.
  3806 | D:4      | Found a white marble altar of Elyvilon.
  3964 | D:5      | Entered Level 5 of the Dungeon
  3971 | D:4      | Reached skill level 1 in Invocations
  3988 | D:4      | Reached skill level 5 in Fighting
  4313 | D:5      | Noticed Edmund
  4341 | D:4      | HP: 1/61 [hound (4)]
  4342 | D:4      | Slain by Edmund

Illustrated notes

Levels and vault maps discovered:
D:1:      lemuel_arrival_room, layout_loops_ring
D:2:      layout_basic, minmay_pentomino_q2
D:3:      layout_basic, uniq_grinder, uniq_sigmund
D:4:      cheibrodos_greedy_goblins, layout_basic, minitemple,
          kiku_gazebo_garden_becter, minmay_temple_entry_tees, bloody_trog
D:5:      layout_cave_pools, nicolae_ru_path_of_blood, vehumet_altar_wand_db,
          serial_undead, serial_undead_f, serial_undead_a, serial_undead_c,
          serial_undead_a, serial_undead_e, serial_undead_f, serial_undead_f,
          serial_undead_f, serial_undead_a, serial_undead_f, led_sif_book,
          uniq_menkaure, uniq_edmund
Temple:   compressed_dpeg_triangle_lava_temple

Skill      XL: |  1  2  3  4  5  6  7 |
---------------+----------------------+-----
Maces & Flails | 3 4 |  4.6
Dodging        | 3 4 |  4.6
Armour         | 1 2 3 |  3.6
Fighting       | 3 4 5 |  5.0
Invocations    | 1 |  1.2
Throwing       | |  1.7

Action                   |  1- 3 |  4- 6 |  7- 9 || total
-------------------------+-------+-------+-------++-------
Melee: Flail             |    86 |   117 |   150 ||   353
Throw: Throwing net      |       |       |     4 ||     4
  Use: Potion            |       |     3 |       ||     3
       Scroll            |       |       |     8 ||     8
 Stab: Sleeping          |       |       |     1 ||     1
Armor: Leather armour    |    29 |    35 |    59 ||   123
       Ring mail         |       |       |    50 ||    50
Dodge: Dodged            |    83 |    88 |   175 ||   346
